 Dungeon Crawl Stone Soup version 0.20.1-1-g8b1a95d (webtiles) character file.

1061 vineage the Shield-Bearer (level 8, -7/69 HPs)
             Began as a Minotaur Fighter on Aug 19, 2017.
             Was a Believer of Okawaru.
             Killed by divine providence
             ... invoked by an orc priest
              (18 damage)
             ... on level 5 of the Dungeon.
             The game lasted 00:08:41 (3401 turns).

vineage the Shield-Bearer (Minotaur Fighter)        Turns: 3401, Time: 00:08:41

Health: -7/69      AC:  8    Str: 28    XL:     8   Next: 6%
Magic:  7/7        EV: 11    Int:  3    God:    Okawaru [**....]
Gold:   212        SH:  0    Dex: 10    Spells: 7/7 levels left

rFire    . . .     SeeInvis .   F - +2 scythe (protect)
rCold    . . .     Gourm    .   (shield currently unavailable)
rNeg     . . .     Faith    .   b - +0 scale mail
rPois    .         Spirit   .   (helmet restricted)
rElec    .         Reflect  .   (no cloak)
rCorr    .         Harm     +   (no gloves)
MR       ++...                  e - +0 pair of boots
Stlth    ..........             t - amulet of harm
Regen    0.3/turn               h - ring of protection from magic
MPRegen  0.1/turn               (no ring)

@: confused, mighty, hasted, very quick
A: retaliatory headbutt, fangs 1, horns 2, dopey 1, magic resistance 1
a: Heroism, Renounce Religion


You were on level 5 of the Dungeon.
You worshipped Okawaru.
Okawaru was pleased with you.
You were not hungry.

You visited 1 branch of the dungeon, and saw 5 of its levels.
You also visited: Ossuary.

You collected 212 gold pieces.

Inventory:

Hand Weapons
 a - a +0 war axe
 k - a +1 whip of pain
 n - a +3 short sword
 F - a +2 scythe of protection (weapon)
Armour
 b - a +0 scale mail (worn)
 c - a +0 shield
 e - a +0 pair of boots (worn)
Jewellery
 h - a ring of protection from magic (left hand)
 t - an amulet of harm (around neck)
Wands
 u - a wand of confusion (25/48)
Scrolls
 m - 2 scrolls of amnesia {unknown}
 q - a scroll of blinking {unknown}
 s - 2 scrolls of magic mapping
 v - 2 scrolls of remove curse
 x - a scroll of random uselessness {unknown}
 y - 2 scrolls of identify
 C - a scroll of enchant weapon {unknown}
 D - a scroll of recharging {unknown}
 G - 2 scrolls of noise {unknown}
Potions
 i - a potion of mutation
 j - 2 potions of agility
 l - 2 potions of haste
 o - a potion of curing {unknown}
 p - 3 potions of lignification
 r - a potion of brilliance
 w - a potion of degeneration {unknown}
 z - a potion of heal wounds {unknown}
 A - a potion of invisibility {unknown}
 E - a potion of resistance
Books
 B - a book of Misfortune

   Spells                             Type                      Level
   a - Confusing Touch                Hexes                        1
   b - Confuse                        Hexes                        3
   c - Gell's Gravitas                Translocation                3
   d - Petrify                        Transmutation/Earth          4
   e - Metabolic Englaciation         Hexes/Ice                    5
   f - Yara's Violent Unravelling     Hexes/Transmutation          5
Comestibles
 f - 2 bread rations
 H - a meat ration


   Skills:
 + Level 5.4 Fighting
 + Level 4.5 Short Blades
 + Level 5.1 Axes
 + Level 6.2 Armour
 + Level 1.8 Dodging
 + Level 0.3 Stealth
 + Level 6.5 Shields


You had 7 spell levels left.
You didn't know any spells.

Dungeon Overview and Level Annotations

Branches:
Dungeon (5/15)
 Temple: D:4-7

Altars:
Cheibriados
Fedhas
Okawaru
Ru
Sif Muna
Yredelemnul
Zin


Innate Abilities, Weirdness & Mutations

You reflexively headbutt those who attack you in melee.
You have a pair of horns on your head.
You have very sharp teeth.
You are dopey. (Int -2)
You are resistant to hostile enchantments. (MR+)


Message History

The orc priest looks braver for a moment.
The orc wizard closely misses you.
You slash the orc wizard!
You kill the orc wizard!
Okawaru accepts your kill.
You barely miss the orc. Your headbutt misses the orc.
The orc hits you but does no damage.
The orc priest mumbles some strange prayers to Beogh against you.
Beogh smites you!
* * * LOW HITPOINT WARNING * * *
It was a potion of mutation.
You feel extremely strange.
You feel resistant to hostile enchantments.
You feel stupid.
Your teeth lengthen and sharpen.
The orc closely misses you.
It was a potion of ambrosia.
You are confused.
You feel invigorated. The orc hits you but does no damage.
The orc priest mumbles some strange prayers to Beogh against you.
Beogh smites you!
You die...

#######
......##
.....[########
#
###.....@oo.##
#.
#...#.####...#
#.##.#..##
#.#.....#
#.<.....#
#...#.....
##.......#
##### ....
#.......## .##
#.###.#.# ...
#.......# ..
#.##.#..# ###.
###


You could see an orc priest and an orc.

Vanquished Creatures
  Sigmund (D:5)
  An ogre (D:4)
  A phantom (D:3)
  A howler monkey (D:5)
  A centaur zombie (Ossuary)
  A hound (D:5)
  4 orc wizards
  An orc priest (D:4)
  A gnoll shaman (D:3)
  2 human zombies
  A jelly (D:5)
  A bullfrog skeleton (D:4)
  Jessica (D:3)
  2 big kobold zombies (Ossuary)
  2 mummies (Ossuary)
  4 gnolls (D:3)
  8 adders
  A shadow imp (D:5)
  3 oozes
  2 adder zombies (Ossuary)
  4 worms
  A dart slug (D:1)
  3 leopard geckos
  3 orcs
  3 ball pythons
  5 giant cockroaches
  5 goblins
  11 hobgoblins
  6 jackals (D:2)
  7 kobolds
  5 quokkas
  7 bats
  4 frilled lizards
  A goblin zombie (Ossuary)
  7 hobgoblin zombies (Ossuary)
  A jackal zombie (Ossuary)
  13 kobold zombies (Ossuary)
  7 orc zombies (Ossuary)
  7 rats
  A rat zombie (Ossuary)
140 creatures vanquished.

Vanquished Creatures (others)
  An orc wizard (D:5)
1 creature vanquished.

Grand Total: 141 creatures vanquished

Notes
Turn   | Place    | Note
-------+----------+-------------------------------------------
     0 | D:1      | vineage the Minotaur Fighter began the quest for the Orb.
     0 | D:1      | Reached XP level 1. HP: 19/19 MP: 0/0
    23 | D:1      | Reached XP level 2. HP: 24/27 MP: 1/1
   208 | D:1      | Reached XP level 3. HP: 32/33 MP: 2/2
   407 | D:2      | Found a sacrificial altar of Ru.
   409 | D:2      | Found a snail-covered altar of Cheibriados.
   411 | D:2      | Found an iron altar of Okawaru.
   417 | D:2      | Found a deep blue altar of Sif Muna.
   418 | D:2      | Found a basalt altar of Yredelemnul.
   419 | D:2      | Found a glowing silver altar of Zin.
   420 | D:2      | Found a blossoming altar of Fedhas.
   458 | D:2      | Became a worshipper of Warmaster Okawaru
   767 | D:2      | Reached XP level 4. HP: 30/40 MP: 3/3
   848 | D:2      | Found a sacrificial altar of Ru.
  1398 | D:3      | Reached skill level 1 in Dodging
  1402 | D:3      | Noticed Jessica
  1408 | D:3      | Killed Jessica
  1408 | D:3      | Reached skill level 5 in Shields
  1408 | D:3      | Reached XP level 5. HP: 34/46 MP: 4/4
  1412 | D:3      | Noticed a phantom
  1424 | D:3      | Killed a phantom
  1735 | D:3      | Reached * piety under Okawaru
  1735 | D:3      | Reached XP level 6. HP: 52/53 MP: 5/5
  2102 | D:4      | Reached skill level 1 in Short Blades
  2102 | D:4      | Reached skill level 5 in Armour
  2271 | D:4      | Reached skill level 5 in Axes
  2434 | D:4      | Reached XP level 7. HP: 49/60 MP: 6/6
  2568 | D:4      | Found a sand-covered staircase.
  2591 | Ossuary  | Entered an ossuary
  3155 | D:5      | Entered Level 5 of the Dungeon
  3164 | D:5      | Reached skill level 5 in Fighting
  3218 | D:5      | Noticed Sigmund
  3231 | D:5      | Killed Sigmund
  3231 | D:5      | Reached ** piety under Okawaru
  3358 | D:5      | Reached XP level 8. HP: 54/68 MP: 7/7
  3400 | D:5      | Gained mutation: You are resistant to hostile enchantments. (MR+) [potion of mutation]
  3400 | D:5      | Gained mutation: You are dopey. (Int -2) [potion of mutation]
  3400 | D:5      | Gained mutation: You have very sharp teeth. [potion of mutation]
  3401 | D:5      | Killed from afar by an orc priest

Skill      XL: |  1  2  3  4  5  6  7 |
---------------+----------------------+-----
Fighting       | 4 5 |  5.4
Shields        | 4 5 6 |  6.5
Axes           | 3 4 5 |  5.1
Armour         | 4 5 6 |  6.2
Dodging        | 1 |  1.8
Short Blades   | 1 4 |  4.5
Stealth        | |  0.3

Action                   |  1- 3 |  4- 6 |  7- 9 || total
-------------------------+-------+-------+-------++-------
Melee: War axe           |   100 |    78 |       ||   178
       Headbutt          |     7 |    16 |    36 ||    59
       Short sword       |       |    65 |   135 ||   200
       Whip              |       |     4 |       ||     4
       Scythe            |       |       |    22 ||    22
  Use: Scroll            |       |     5 |     2 ||     7
       Potion            |       |       |     4 ||     4
  Eat: Royal jelly       |       |     3 |       ||     3
       Bread ration      |       |       |     1 ||     1
       Chunk             |       |       |     1 ||     1
Armor: Scale mail        |    60 |    37 |    50 ||   147
Dodge: Dodged            |    30 |    44 |    42 ||   116
Block: Shield            |    66 |    62 |    61 ||   189
